 Dungeon Crawl Stone Soup version 0.16.1-11-g651b585 (webtiles) character file.

1435 kobby the Shield-Bearer (level 8, 0/71 HPs)
             Began as a Hill Orc Fighter on Apr 5, 2015.
             Succumbed to a killer bee's poison
             ... on level 5 of the Dungeon.
             The game lasted 00:13:44 (4130 turns).

kobby the Shield-Bearer (Hill Orc Fighter)          Turns: 4130, Time: 00:13:45

Health: 0/71       AC: 11    Str: 21    XL:     8   Next: 73%
Magic:  9/9        EV:  9    Int:  8    God:
Gold:   198        SH: 10    Dex: 10    Spells: 0 memorised, 7 levels left

rFire  . . .     SeeInvis .     i - +0 flail (drain)
rCold  . . .     Clarity  .     b - +0 scale mail
rNeg   . . .     SustAb   .     c - +0 shield
rPois  .         Gourm    .     q - +0 helmet
rElec  .         Spirit   .     g - +1 cloak
rCorr  .         Warding  .     (no gloves)
rMut   .         Stasis   .     (no boots)
MR     .....                    (no amulet)
Stlth  ..........               (no ring)
                                o - ring of invisibility

@: lethally poisoned (0 -> -4), very slightly contaminated, hasted, very quick,
not resistant to hostile enchantments, extremely unstealthy
A: no striking features
a: Evoke Invisibility


You were on level 5 of the Dungeon.
You were hungry.

You visited 1 branch of the dungeon, and saw 5 of its levels.

You collected 198 gold pieces.

Inventory:

Hand weapons
 a - a +1 war axe
 f - a +2 dagger of venom
 i - a +0 flail of draining (weapon)
 j - a +1 short sword of freezing
Armour
 b - a +0 scale mail (worn)
 c - a +0 shield (worn)
 g - a +1 cloak (worn)
 q - a +0 helmet (worn)
Jewellery
 o - a ring of invisibility (left hand)
Magical devices
 n - a wand of frost (26)
 w - a wand of fire (0)
 x - a wand of cold (1)
Scrolls
 k - a scroll of enchant weapon
 l - a scroll of enchant armour
 u - a scroll of random uselessness
Potions
 e - a potion of might
Comestibles
 d - 2 meat rations
 h - a bread ration
 m - 3 beef jerkies


   Skills:
 + Level 6.3 Fighting
 + Level 1.4 Short Blades
 + Level 3.8(4.6) Axes
 + Level 3.2(3.8) Maces & Flails
 + Level 5.9 Armour
 + Level 3.6 Dodging
 + Level 0.6 Stealth
 + Level 6.6 Shields
 + Level 0.9 Evocations


You had 7 spell levels left.
You didn't know any spells.

Dungeon Overview and Level Annotations

Branches:
Dungeon (5/15)
 Temple: D:4-7

Altars:
Vehumet


Message History

You feel sick.
Found a stone staircase leading up.
* * * LOW HITPOINT WARNING * * *
You feel sick.
* * * LOW HITPOINT WARNING * * *
You feel sick.
* * * LOW HITPOINT WARNING * * *
You feel sick.
* * * LOW HITPOINT WARNING * * *
You feel sick.
* * * LOW HITPOINT WARNING * * *
You feel sick.
A killer bee comes into view.
* * * LOW HITPOINT WARNING * * *
You feel sick.
The killer bee buzzes angrily.
* * * LOW HITPOINT WARNING * * *
You feel sick.
You see here 5 gold pieces.
You die...

#+ #..###########.
#............y.
#............... . #..#
..##...#
###+##..###+##..##...#
#................+....
##........$@......#....
.........##..###.###..# #+#
.........##..###+###..##..##
#..8.8........#........<...#
....<....##?.()............#
..8.8..###.))#............#
....... #..###+###..##..##
....... #..###..##..#####
..##+# #........#...#


There were no monsters in sight!

Vanquished Creatures
  Pikel (D:4)
  Edmund (D:4)
  A phantom (D:4)
  A centaur (D:5)
  Duvessa (D:4)
  3 scorpions (D:4)
  5 killer bees (D:5)
  Dowan (D:4)
  An orc wizard (D:5)
  2 worker ants (D:4)
  Robin (D:4)
  5 adders
  A worm (D:4)
  An orc (D:5)
  A ball python (D:2)
  12 goblins
  18 hobgoblins
  2 jackals (D:1)
  A quokka (D:4)
  5 bats
  5 giant cockroaches
  3 giant geckos
  5 giant newts
  10 kobolds
  15 rats
102 creatures vanquished.

Vanquished Creatures (others)
  2 slaves (D:4)
2 creatures vanquished.

Grand Total: 104 creatures vanquished

Notes
Turn   | Place    | Note
--------------------------------------------------------------
     0 | D:1      | kobby, the Hill Orc Fighter, began the quest for the Orb.
     0 | D:1      | Reached XP level 1. HP: 19/19 MP: 1/1
   156 | D:1      | Reached XP level 2. HP: 21/27 MP: 2/2
   245 | D:1      | Reached skill level 4 in Fighting
   569 | D:1      | Reached XP level 3. HP: 29/33 MP: 3/3
  1297 | D:2      | Reached XP level 4. HP: 40/40 MP: 4/4
  1906 | D:3      | Found a radiant altar of Vehumet.
  2215 | D:4      | Noticed a phantom
  2425 | D:4      | Reached skill level 1 in Short Blades
  2425 | D:4      | Reached skill level 1 in Dodging
  2425 | D:4      | Reached XP level 5. HP: 34/47 MP: 5/5
  2607 | D:4      | Noticed Edmund
  2621 | D:4      | Killed Edmund
  2621 | D:4      | Reached XP level 6. HP: 33/53 MP: 6/6
  3018 | D:4      | Noticed Robin
  3056 | D:4      | Killed Robin
  3164 | D:4      | Reached skill level 5 in Fighting
  3396 | D:4      | Noticed Pikel
  3396 | D:4      | Noticed a slave
  3396 | D:4      | Noticed a slave
  3397 | D:4      | Noticed a slave
  3397 | D:4      | Noticed a slave
  3412 | D:4      | Killed Pikel
  3412 | D:4      | Reached skill level 5 in Armour
  3412 | D:4      | Reached skill level 5 in Shields
  3412 | D:4      | Reached XP level 7. HP: 61/61 MP: 7/7
  3412 | D:4      | Reached XP level 8. HP: 69/69 MP: 8/8
  3418 | D:4      | Killed a freed slave
  3423 | D:4      | Killed a freed slave
  3448 | D:4      | Noticed Dowan
  3450 | D:4      | Noticed Duvessa
  3465 | D:4      | Killed Duvessa
  3465 | D:4      | Reached skill level 6 in Shields
  3499 | D:4      | Killed a phantom
  3545 | D:4      | Killed Dowan
  3862 | D:4      | Gained mutation: Your muscles are strong. (Str +2) [potion of beneficial mutation]
  3863 | D:4      | Lost mutation: Your muscles are strong. (Str +2) [potion of cure mutation]
  4041 | D:5      | Entered Level 5 of the Dungeon
  4122 | D:5      | HP: 3/71 [poisoned by a killer bee]
  4128 | D:5      | HP: 1/71 [poisoned by a killer bee]
  4130 | D:5      | Succumbed to a killer bee's poison

Action                   |  1- 3 |  4- 6 |  7- 9 || total
-------------------------+-------+-------+-------++-------
Melee: War axe           |    72 |    20 |       ||    92
       Dagger            |    37 |    57 |       ||    94
       Flail             |       |   125 |    93 ||   218
Evoke: Wand              |       |     4 |     5 ||     9
  Use: Potion            |     1 |     1 |     7 ||     9
       Scroll            |       |     8 |     1 ||     9
  Eat: Bread ration      |       |     2 |       ||     2
       Chunk             |       |     1 |       ||     1
       Fruit             |       |     1 |       ||     1
